 Dungeon Crawl Stone Soup version 0.30-b1-2-g02819fbbbe (webtiles) character file.

Game seed: 8518526665079543361

16643 Arcadio the Spry (level 12, -3/105 HPs)
             Began as a Merfolk Reaver on May 7, 2023.
             Was a Priest of Nemelex Xobeh.
             Slain by a cyan ugly thing (11 damage)
             ... on level 11 of the Dungeon.
             The game lasted 00:57:54 (17508 turns).

Arcadio the Spry (Merfolk Reaver)                  Turns: 17508, Time: 00:57:54

Health: -3/105     AC: 14    Str: 17    XL:     12   Next: 39%
Magic:  0/16       EV:  8    Int: 13    God:    Nemelex Xobeh [***...]
Gold:   1066       SH:  0    Dex: 12    Spells: 14/15 levels left

rFire   . . .        U - +2 spear (vamp)
rCold   . . .        (no shield)
rNeg    . . .        N - +0 plate armour
rPois   +            C - +0 helmet
rElec   .            y - +1 cloak
rCorr   .            (no gloves)
SInv    .            i - +0 pair of boots
Will    .....        s - amulet of guardian spirit Stlth
                     d - ring of flight
HPRegen 0.37/turn    k - ring of poison resistance
MPRegen 0.15/turn

%: guardian spirit
@: mighty, flying
A: (nimble swimmer 2), mertail
a: Renounce Religion, Draw Escape, Draw Destruction, Draw Summoning, Triple Draw


You were on level 11 of the Dungeon.
You worshipped Nemelex Xobeh.
Nemelex Xobeh was most pleased with you.
You visited 2 branches of the dungeon, and saw 12 of its levels.
You also visited: Sewer.

You collected 1066 gold pieces.

Inventory:

Hand Weapons
 j - the +1 hand axe "Ocasyuh" {heavy, rElec Dex+3}
   (You found it on level 8 of the Dungeon)

   Dex:       It affects your dexterity (+3).
   rElec:     It insulates you from electricity.
 Q - a +0 trident
 U - a +2 vampiric spear (weapon)
Missiles
 O - 30 poisoned darts
 R - 3 throwing nets
Armour
 i - a +0 pair of boots (worn)
 o - a +2 robe of willpower
 y - a +1 cloak (worn)
 C - a +0 helmet (worn)
 N - a +0 plate armour (worn)
Jewellery
 a - a ring of see invisible
 b - a ring of positive energy
 d - a ring of flight (left hand)
 k - a ring of poison resistance (right hand)
 s - an amulet of guardian spirit (around neck)
Wands
 v - a wand of flame (45) (quivered)
 z - a wand of quicksilver (20)
 Z - a wand of paralysis (12)
Scrolls
 e - a scroll of brand weapon
 f - 2 scrolls of teleportation
 g - 2 scrolls of fog
 m - 2 scrolls of torment {unknown}
 q - a scroll of magic mapping {unknown}
 B - 3 scrolls of poison
 E - 3 scrolls of immolation
 F - a scroll of summoning
 T - 2 scrolls of enchant armour {unknown}
 W - 3 scrolls of vulnerability
Potions
 l - 3 potions of flight
 p - 5 potions of mutation
 t - 2 potions of might
 u - a potion of attraction
 x - 2 potions of lignification
 G - a potion of curing
 H - a potion of berserk rage
 K - a potion of haste {unknown}
 M - a potion of resistance {unknown}
 S - a potion of ambrosia {unknown}


   Skills:
 + Level 13.3 Fighting
 + Level 13.0 Polearms
 + Level 15.6 Dodging
 - Level 2.0 Spellcasting
 - Level 2.4 Conjurations
 + Level 6.1 Invocations


You had 14 spell levels left.
You knew the following spells:

 Your Spells              Type           Power      Damage    Failure   Level
a - Kiss of Death         Conj/Necr      16%        2d6       100%        1

Your spell library contained the following spells:

 Spells                   Type           Power      Damage    Failure   Level
 Sting                    Tmut/Pois      4%         1d3       100%        1
 Momentum Strike          Conj/Tloc      8%         3d8       100%        2
 Poisonous Vapours        Pois/Air       2%         N/A       100%        2
 Frozen Ramparts          Ice            2%         1d1       100%        3
 Hailstorm                Conj/Ice       4%         3d4       100%        3
 Ice Form                 Ice/Tmut       1%         N/A       100%        4
 Olgreb's Toxic Radiance  Pois           1%         N/A       100%        4
 Summon Ice Beast         Ice/Summ       1%         N/A       100%        4


Dungeon Overview and Level Annotations

Branches:
Dungeon (11/15) Zot: 25061  Temple (0/1) D:7            Lair (1/5) D:10 Zot: 5182
  Sewer (visited)
    Orc: D:9-12

Altars:
Ashenzari
Elyvilon
Hepliaklqana
Kikubaaqudgha
Makhleb
Nemelex Xobeh
Ru
Sif Muna
Trog
Yredelemnul
The Shining One


Innate Abilities, Weirdness & Mutations

((You are very nimble when in or above water. (Stealth+, EV+, Speed+++)))
Your lower body shifts to a powerful aquatic tail in water.


Message History

The cyan ugly thing is moderately wounded.
You closely miss the cyan ugly thing.
The cyan ugly thing is moderately wounded.
The cyan ugly thing headbutts you! The cyan ugly thing shocks you!
You barely miss the cyan ugly thing.
The cyan ugly thing is moderately wounded.
You hit the cyan ugly thing.
The cyan ugly thing is heavily wounded.
The cyan ugly thing barely misses you.
You hit the cyan ugly thing.
You feel better.
The cyan ugly thing is heavily wounded.
You completely miss the cyan ugly thing.
The cyan ugly thing is heavily wounded.
The cyan ugly thing headbutts you. The cyan ugly thing shocks you!
You barely miss the cyan ugly thing.
The cyan ugly thing is heavily wounded.
Magic courses through your body.
The cyan ugly thing headbutts you but does no damage.
You feel very mighty all of a sudden.
The cyan ugly thing headbutts you but does no damage.
You barely miss the cyan ugly thing.
The cyan ugly thing is heavily wounded.
The cyan ugly thing headbutts you but does no damage.
You puncture the cyan ugly thing!
You feel better.
The cyan ugly thing is heavily wounded.
You puncture the cyan ugly thing!
The cyan ugly thing is severely wounded.
The cyan ugly thing headbutts you! The cyan ugly thing shocks you!
* * * LOW HITPOINT WARNING * * *
The cyan ugly thing attacks as you move away!
The cyan ugly thing headbutts you but does no damage.
Okay, then.
Okay, then.
You draw a card...
You have drawn the Tomb.
Walls emerge from the floor!
The deck of cards disappears without a trace.
The cyan ugly thing headbutts you!
* * * LOW HITPOINT WARNING * * *
The cyan ugly thing shocks you!
You die...
Your body glows slightly and disappears. #........#..#.........# #........##...........# ###.........# #.........# #######)### #..)# ###)###### +## #####........# .o.Y ##@#'........# Y.ooY

#u###........#
......#)#
#........#
......'>#
#........#
......###
#........# #
.....?
#........######
.....
#........##...†
.....
#........'..###
....
#........####


You could see a cyan ugly thing.

Vanquished Creatures
  An entropy weaver (Lair:1)
  A boulder beetle (D:7)
  Sonja (Lair:1)
  Pikel (D:8)
  2 cane toads (Lair:1)
  A polar bear (Lair:1)
  4 trolls
  2 wraiths
  A vampire (D:11)
  A basilisk (Lair:1)
  A human (Lair:1)
  A wyvern (D:10)
  Grum (D:11)
  23 yaks
  2 steam dragons
  3 vampire mosquitoes
  4 water moccasins
  Pargi (Sewer)
  A black bear (D:6)
  6 orc warriors
  2 ogres (D:7)
  2 ice beasts (D:7)
  2 sky beasts (D:5)
  7 wolves
  3 centaurs
  4 lemures
  4 kobold brigands
  3 bullfrogs
  4 gnoll sergeants
  8 scorpions
  6 wights
  12 killer bees
  5 electric eels
  3 howler monkeys
  8 hounds
  3 orc priests
  2 gnoll boudas
  A jelly (D:7)
  5 iguanas
  8 orc wizards
  A sleepcap (D:4)
  15 gnolls
  12 adders
  5 white imps
  2 ufetubi
  3 worms
  2 dart slugs (D:1)
  24 orcs
  9 ball pythons
  17 bats
  5 endoplasms
  4 giant cockroaches
  A goblin (D:1)
  11 hobgoblins
  9 jackals
  8 quokkas
  2 frilled lizards
  24 kobolds
  9 rats
313 creatures vanquished.

Vanquished Creatures (collateral kills)
  Erica (D:11)
  A troll (D:10)
  A shadow (D:11)
  3 vampire mosquitoes (D:11)
  2 acid dragons
  A water moccasin (D:5)
  A kobold brigand (D:11)
  A scorpion (D:5)
  3 hounds (D:5)
  A sleepcap (D:5)
  An adder (D:5)
  2 kobolds (D:11)
18 creatures vanquished.

Vanquished Creatures (others)
  8 fungi
  20 plants
  4 withered plants (D:4)
32 creatures vanquished.

Grand Total: 363 creatures vanquished

Notes
Turn   | Place    | Note
-------+----------+-------------------------------------------
     0 | D:1      | Arcadio the Merfolk Reaver began the quest for the Orb.
     0 | D:1      | Reached XP level 1. HP: 16/16 MP: 3/3
   156 | D:1      | Reached skill level 3 in Dodging
   156 | D:1      | Reached XP level 2. HP: 19/23 MP: 5/5
   256 | D:1      | Reached XP level 3. HP: 28/28 MP: 6/6
   972 | D:2      | Reached skill level 10 in Dodging
   972 | D:2      | Reached XP level 4. HP: 45/45 MP: 7/7
  1265 | D:2      | Found a faded altar of an unknown god.
  1919 | D:3      | Reached XP level 5. HP: 30/51 MP: 8/8
  2228 | D:3      | Reached skill level 5 in Polearms
  3752 | D:2      | Prayed at the altar of an unknown god.
  3752 | D:2      | Became a worshipper of Nemelex Xobeh the Trickster
  3752 | D:2      | Reached * piety under Nemelex Xobeh
  3926 | D:4      | Reached XP level 6. HP: 43/57 MP: 9/9
  3998 | D:4      | Found a hazy altar of Hepliaklqana.
  4328 | D:4      | Found an ancient bone altar of Kikubaaqudgha.
  4633 | D:4      | Received a gift from Nemelex Xobeh
  5287 | D:4      | Reached XP level 7. HP: 59/64 MP: 10/10
  5389 | D:4      | Reached skill level 11 in Dodging
  5434 | D:4      | Found the +11 Singing Sword {sonic wave}
  5528 | D:5      | Entered Level 5 of the Dungeon
  5712 | D:5      | Reached XP level 8. HP: 64/71 MP: 11/11
  5758 | D:5      | Reached ** piety under Nemelex Xobeh
  5869 | D:5      | Identified the +4 rapier "Kaim" {venom, *Rage Str+5}
  5870 | D:5      | Identified the +3 leather armour of the Yeti {Int+4}
  6086 | D:5      | Found a glowing drain.
  6090 | Sewer    | Entered a sewer
  6123 | Sewer    | Noticed Pargi
  6148 | Sewer    | Killed Pargi
  7041 | D:6      | Reached skill level 10 in Fighting
  7312 | D:6      | Reached XP level 9. HP: 69/78 MP: 10/12
  7462 | D:5      | Reached skill level 12 in Dodging
  8611 | D:7      | Found a staircase to the Ecumenical Temple.
  9085 | D:7      | Reached XP level 10. HP: 73/86 MP: 11/13
  9375 | D:7      | Identified the amulet of Yvuoneel {RegenMP Int+2}
  9445 | D:7      | Reached skill level 13 in Dodging
  9619 | D:7      | Noticed a boulder beetle
  9638 | D:7      | Killed a boulder beetle
  9639 | D:7      | Reached skill level 10 in Polearms
 10432 | D:8      | Reached *** piety under Nemelex Xobeh
 10446 | D:8      | Received a gift from Nemelex Xobeh
 10826 | D:8      | Noticed Pikel
 10832 | D:8      | Killed Pikel
 10891 | D:8      | Identified the +1 hand axe "Ocasyuh" {heavy, rElec Dex+3}
 11302 | D:9      | Received a gift from Nemelex Xobeh
 11326 | D:9      | Reached skill level 14 in Dodging
 11373 | D:9      | Reached skill level 1 in Invocations
 11373 | D:9      | Reached XP level 11. HP: 94/95 MP: 6/14
 11505 | D:9      | Found a broken altar of Ashenzari.
 11740 | D:9      | Found a basalt altar of Yredelemnul.
 11783 | D:9      | Found a bloodstained altar of Trog.
 11889 | D:9      | Found a white marble altar of Elyvilon.
 12471 | D:10     | Entered Level 10 of the Dungeon
 12471 | D:10     | Reached **** piety under Nemelex Xobeh
 12859 | D:10     | Found a staircase to the Lair.
 13780 | D:10     | Found a glowing golden altar of the Shining One.
 13781 | D:10     | Found a shimmering blue altar of Sif Muna.
 14062 | D:10     | Found a burning altar of Makhleb.
 14062 | D:10     | Found a sacrificial altar of Ru.
 14396 | D:10     | Received a gift from Nemelex Xobeh
 14710 | Lair:1   | Entered Level 1 of the Lair of Beasts
 14752 | Lair:1   | Noticed Sonja
 14756 | Lair:1   | Killed Sonja
 15008 | Lair:1   | Reached skill level 15 in Dodging
 15551 | Lair:1   | a black mamba changed into an entropy weaver
 15551 | Lair:1   | Noticed an entropy weaver
 15571 | Lair:1   | Killed an entropy weaver
 15572 | Lair:1   | Reached skill level 5 in Invocations
 15578 | Lair:1   | Reached XP level 12. HP: 97/103 MP: 8/15
 15673 | Lair:1   | Identified the +2 demon trident of Evil {pain, rF+ Int-5
                  | Dex+3 Stlth+}
 15723 | Lair:1   | Noticed a catoblepas
 16107 | D:11     | Noticed Grum
 16366 | D:11     | Killed Grum
 16733 | D:11     | Received a gift from Nemelex Xobeh
 16815 | D:11     | Noticed Erica
 16825 | D:11     | Killed Erica
 17508 | D:11     | Slain by a cyan ugly thing

Illustrated notes

Levels and vault maps discovered:
D:1:      nagdon_arrival_zigzag_paths, layout_loops_ring
D:2:      layout_loops_ring, nicolae_ecumenical_oubliette
D:3:      kb_forest_paths, layout_basic, corexii_item_surrounded_by_moat,
          guppyfry_early_lair_pool
D:4:      old_forge, layout_loops_corners, kiku_gazebo_garden_becter,
          amcnicky_altar_gilded
D:5:      layout_rooms, gup_sewer_entry_spiral, serial_park_tiny_pond
D:6:      layout_cave_pools
D:7:      minmay_the_grid_square_5x5_3x3
          [minmay_the_grid_square_5x5_almost_minimal,
          minmay_the_grid_square_5x5_beaten_path,
          minmay_the_grid_square_5x5_two, minmay_the_grid_square_5x5_inner_i,
          minmay_the_grid_square_5x5_megaprize_hollow,
          minmay_the_grid_square_5x5_broken_cross,
          minmay_the_grid_square_5x5_trominoes,
          minmay_the_grid_square_5x5_two_small,
          minmay_the_grid_square_5x5_shuriken], layout_rooms,
          minmay_temple_entry_water_ring, wad_mini_maze
D:8:      layout_cave_pools, serial_bayou, serial_bayou_lagoon_b,
          serial_bayou_pond_a, serial_bayou_pond_a, uniq_pikel
D:9:      layout_loops_ring, nicolae_ashenzari_panopticon,
          mainiacjoe_overflow_catwalk, kennysheep_ying_yang
D:10:     layout_long_grid, grunt_temple_overflow_open, erik_lair_island,
          minmay_quadrilaterals
D:11:     layout_roguey, orc_0_dummy, chequers_serial_rivers_micro_b,
          uniq_erica, uniq_grum
Lair:1:   layout_roguey, basic_altar, uniq_sonja

Skill      XL: |  1  2  3  4  5  6  7  8  9 10 11 12 |
---------------+-------------------------------------+-----
Dodging        | 3 10 11 12 14 15 | 15.6
Fighting       | 8 9 10 11 12 13 | 13.3
Polearms       | 5 6 7 9 11 12 13 | 13.0
Invocations    | 1 5 6 |  6.1
Spellcasting   | |  2.0
Conjurations   | |  2.4

Action                     |  1- 3 |  4- 6 |  7- 9 | 10-12 || total
---------------------------+-------+-------+-------+-------++-------
  Melee: Spear             |   102 |   367 |   357 |  1106 ||  1932
         Punch             |     1 |     7 |     5 |    22 ||    35
         Rapier            |       |       |   183 |   124 ||   307
         Hand axe          |       |       |       |    38 ||    38
   Fire: Sling             |     5 |       |       |       ||     5
 Invoke: Draw Destruction  |       |     2 |     3 |     8 ||    13
         Draw Summoning    |       |       |     1 |     7 ||     8
         Triple Draw       |       |       |       |     2 ||     2
         Draw Escape       |       |       |       |     2 ||     2
  Evoke: Wand              |       |       |       |     1 ||     1
    Use: Scroll            |     4 |       |     3 |    18 ||    25
         Potion            |     1 |       |     3 |    13 ||    17
   Stab: Sleeping          |       |     1 |       |       ||     1
         Distracted        |       |       |       |     1 ||     1
 Armour: Leather armour    |    20 |    29 |       |       ||    49
         Ring mail         |       |    16 |   220 |   114 ||   350
         Plate armour      |       |       |       |   235 ||   235
         Skin              |       |       |       |   102 ||   102
  Dodge: Dodged            |    43 |   219 |   456 |   605 ||  1323
